 Dungeon Crawl Stone Soup version 0.21-a0-525-ga34b322 (webtiles) character file.

81 theanonym the Cutter (level 4, -4/37 HPs)
             Began as a Draconian Artificer on Dec 7, 2017.
             Slain by a gnoll
             ... wielding a +0 whip
              (9 damage)
             ... on level 2 of the Dungeon.
             The game lasted 00:05:43 (2521 turns).

theanonym the Cutter (Draconian Artificer)          Turns: 2521, Time: 00:05:44

Health: -4/37      AC:  5    Str: 15    XL:     4   Next: 20%
Magic:  6/6        EV: 11    Int: 12    God:
Gold:   92         SH:  3    Dex: 11    Spells: 3/3 levels left

rFire    . . .     SeeInvis .   n - -1 dagger (curse)
rCold    . . .     Gourm    .   h - +0 buckler
rNeg     . . .     Faith    .   (armour unavailable)
rPois    .         Spirit   .   (helmet restricted)
rElec    .         Reflect  .   (no cloak)
rCorr    .         Harm     .   (no gloves)
MR       .....                  (no boots)
Stlth    ++........             (no amulet)
HPRegen  0.12/turn              m - ring of stealth {Stlth+}
MPRegen  0.10/turn              (no ring)

@: no status effects
A: unfitting armour, cold-blooded, AC +5
a: no special abilities


Innate Abilities, Weirdness & Mutations

Your plain brown scales are hard. (AC +5)
You cannot fit into any form of body armour.
You are cold-blooded and may be slowed by cold attacks.


   Skills:
 + Level 2.5 Fighting
 * Level 3.2 Short Blades
 - Level 1.7 Dodging
 - Level 0.8 Stealth
 + Level 0.9 Shields
 - Level 3.0 Evocations


You had 3 spell levels left.
You didn't know any spells.

Skill      XL: |  1  2  3 |
---------------+----------+-----
Short Blades   | 2 3 |  3.2
Fighting       | 2 |  2.5
Dodging        | |  1.7
Stealth        | |  0.8
Shields        | |  0.9
Evocations     | |  3.0

Action                   |  1- 3 |  4- 6 || total
-------------------------+-------+-------++-------
Melee: Short sword       |   128 |       ||   128
       Tailslap          |    25 |     2 ||    27
       Dagger            |   114 |     7 ||   121
Evoke: Wand              |     8 |     6 ||    14
  Use: Scroll            |     2 |     1 ||     3
 Stab: Sleeping          |     2 |       ||     2
  Eat: Meat ration       |     1 |       ||     1
       Chunk             |     1 |       ||     1
Armor: Skin              |    80 |     8 ||    88
Dodge: Dodged            |   148 |    10 ||   158
Block: Buckler           |    19 |     3 ||    22

Inventory:

Hand Weapons
 a - a +0 short sword
 n - a cursed -1 dagger (weapon)
   (You took it off a kobold on level 1 of the Dungeon)
Missiles
 i - 4 tomahawks (quivered)
Armour
 h - a +0 buckler (worn)
   (You found it on level 1 of the Dungeon)
Jewellery
 m - a ring of stealth (left hand) {Stlth+}
   (You found it on level 2 of the Dungeon)
Wands
 b - a wand of flame (11)
 c - a wand of enslavement (11)
 d - a wand of random effects (9)
Potions
 f - a potion of haste {unknown}
 j - a potion of agility {unknown}
 l - 3 potions of resistance {rF+ rC+}
Comestibles
 e - a meat ration
 g - 2 bread rations
 k - a chunk of flesh

Dungeon Overview and Level Annotations

Branches:
Dungeon (2/15)

Altars:


You were on level 2 of the Dungeon.
You were not hungry.

You visited 1 branch of the dungeon, and saw 2 of its levels.

You collected 92 gold pieces.


Message History

You open the door!
There is an open door here!
You now have 92 gold pieces (gained 4)!
Some of the chunks of flesh in your inventory have rotted away!
Found a short sword!
A bat comes into view!
A bat is nearby!!!
A bat is nearby!!!
A bat is nearby!!!
The bat hits you but does no damage! The bat hits you but does no damage!
The bat hits you!
You take 1 damage, and have 36/37 hp!
The bat hits you but does no damage! x2
You perforate the bat like a sieve! You tail-slap the bat!
The bat barely misses you!
Health restored: 37 The bat barely misses you!
The bat hits you but does no damage!
You closely miss the bat! The bat barely misses you! The bat hits you!
You take 1 damage, and have 36/37 hp!
You closely miss the bat! The bat closely misses you!
No target in view!!!
No target in view!!!
No target in view!!!
The bat closely misses you!
The bat is too close now for your liking!
A bat is nearby!!!
A bat is nearby!!!
A bat is nearby!!!
A bat is nearby!!!
You miss the bat! The bat barely misses you!
The bat hits you but does no damage! The bat misses you!
The bat hits you but does no damage!
You perforate the bat like a sieve!
You annihilate the bat!!!
No target in view!!!
No target in view!!!
No target in view!!!
No target in view!!!
You butcher the bat corpse!
k - 3 chunks of flesh (gained 1)
You see here a bat skeleton! x2
Found 17 stones!
Health restored: 37 Some of the chunks of flesh in your inventory have rotted away! 2 gnolls come into view!
There are monsters nearby!!!
There are monsters nearby!!!
There are monsters nearby!!!
Aim: a gnoll, wielding a whip (hasn't noticed you)
The bolt of poison hits the gnoll!
The gnoll is poisoned!
You annihilate the gnoll!!!
The gnoll shouts!!!
Aim: a gnoll, wielding a spear The gnoll flickers and vanishes!!!
Deactivating autopickup; reactivate with Ctrl-A!
A gnoll comes into view! It is wielding a whip!
Aim: a gnoll, wielding a whip (hasn't noticed you)
The gnoll shouts!!!
The gnoll looks slightly unstable!
Aim: a gnoll, wielding a whip The gnoll resists with significant effort!
Aim: a gnoll, wielding a whip Nothing appears to happen!
The gnoll disappears!!!
You block something's attack!
You stick something like a pincushion! Something hits you!!!
You take 9 damage, and have 28/37 hp!
MASSIVE DAMAGE!!!!!!
You spit something like a pig! You tail-slap something! Something hits you!!!
You take 8 damage, and have 20/37 hp!
MASSIVE DAMAGE!!!!!!
Something hits you! * * * don't die
* * * You take 3 damage, and have 17/37 hp!
Found 7 gold pieces!
A rat comes into view!
Something hits you but does no damage! Something hits you! * * * don't die
* * * You take 6 damage, and have 13/37 hp!
Something hits you!!! * * * don't die
* * * You take 7 damage, and have 6/37 hp!
As you read the scroll labeled KESACAI YDUTE, it crumbles to dust!
You hear a loud clanging noise!!!
It was a scroll of noise!
You hear a shout!!!
You hear an angry hiss!
The rat bites you but does no damage!
A hobgoblin comes into view!
The hobgoblin shouts!!!
Found a ring mail and a mace!
An adder comes into view!
You block the hobgoblin's attack! You block the hobgoblin's attack!
The adder closely misses you! The adder bites you! * * * don't die
* * * The hobgoblin hits you! * * * don't die
* * * The rat barely misses you!
You take 2 damage, and have 5/37 hp!
The rat misses you! The gnoll hits you with a whip!!! rip

#.# #.# #.#
#########.#
#.....g...#
#.#######.#
####.##### #.# #
.........###.#.#
#@g[#..$.###
#.##Sr..........
#...g.......####
...)########.#.#
.# #.#...
#.##### # #+# #
#


You could see a gnoll, an adder, a hobgoblin and a rat.

Notes
Turn   | Place    | Note
-------+----------+-------------------------------------------
     0 | D:1      | theanonym the Draconian Artificer began the quest for the Orb.
     0 | D:1      | Reached XP level 1. HP: 16/16 MP: 3/3
   127 | D:1      | HP: 7/16 [hobgoblin/club (2)]
   141 | D:1      | HP: 2/16 [hobgoblin/club (4)]
   167 | D:1      | HP: 1/16 [goblin (2)]
   498 | D:1      | Reached XP level 2. HP: 23/23 MP: 4/4
   526 | D:1      | Reached skill level 2 in Short Blades
   713 | D:1      | Reached skill level 2 in Fighting
   819 | D:1      | Reached XP level 3. HP: 28/29 MP: 5/5
  1421 | D:1      | HP: 13/29 [worm (2)]
  1613 | D:1      | HP: 9/29 [worm (7)]
  1874 | D:2      | Reached skill level 3 in Short Blades
  2197 | D:2      | HP: 15/30 [worm (5)]
  2215 | D:2      | Reached XP level 4. HP: 21/37 MP: 6/6
  2491 | D:2      | HP: 17/37 [something (3)]
  2510 | D:2      | HP: 13/37 [something (6)]
  2511 | D:2      | HP: 6/37 [something (7)]
  2520 | D:2      | HP: 6/37 [adder (1)]
  2521 | D:2      | Slain by a gnoll

Vanquished Creatures
  A gnoll (D:2)
  2 adders
  An ooze (D:1)
  A worm (D:2)
  A leopard gecko (D:1)
  2 giant cockroaches
  3 goblins (D:1)
  4 hobgoblins
  6 jackals
  8 kobolds
  7 bats
  2 frilled lizards (D:1)
  2 rats
40 creatures vanquished.

Vanquished Creatures (collateral kills)
  A jackal (D:2)
  A bat (D:2)
  A kobold (D:1)
  A rat (D:1)
4 creatures vanquished.

Vanquished Creatures (others)
  A hobgoblin (D:1)
  A jackal (D:2)
  A kobold (D:1)
3 creatures vanquished.

Grand Total: 47 creatures vanquished

Table legend:
 A = Turns spent in this place as a percentage of turns spent in the entire game.
 B = Non-inter-level travel turns spent in this place as a percentage of non-inter-level travel turns spent in the entire game.
 C = Inter-level travel turns spent in this place as a percentage of turns spent in this place.
 D = Turns resting spent in this place as a percentage of non-inter-level travel turns spent in this place.
 E = Turns spent auto-exploring this place as a percentage of non-inter-level travel turns spent in this place.
 F = Non-inter-level travel turns spent in this place divided by the number of levels of this place that you've seen.
                   A       B       C       D       E      F
               +-------+-------+-------+-------+-------+----------------------
         Total | 100.0 | 100.0 |   0.7 |  37.5 |  37.6 | 1252.0
       Dungeon | 100.0 | 100.0 |   0.7 |  37.5 |  37.6 | 1252.0
               +-------+-------+-------+-------+-------+----------------------
